[Event "Titled Tuesday Blitz July 26 Late 2022"]
[White "Shtivelband, Richard"]
[Black "Ozates, Tuna"]
[WhiteFideId "2017342"]
[BlackFideId "6354521"]
[WhiteElo "2331"]
[BlackElo "1887"]
[Result "1/2-1/2"]
[Round "02"]
[TimeControl "180+1"]
[Date "2022.07.27"]
[WhiteClock "0:00:08"]
[BlackClock "0:00:10"]

1. e4 e5 2. Nc3 Nc6 3. Bc4 Bc5 4. Qg4 g6 5. Qg3 d6 6. Nge2 h5 7. h4 Nh6 8. f3 a6 9. d3 b5 10. Bd5 Bd7 11. Bg5 f6 12. Bd2 Ne7 13. Bxa8 Qxa8 14. O-O-O b4 15. Nb1 Nf7 16. c3 a5 17. d4 Bb6 18. Be3 Qa6 19. Qf2 a4 20. dxe5 Bxe3+ 21. Qxe3 Nxe5 22. cxb4 Qc4+ 23. Nec3 Qxb4 24. Rd4 Nc4 25. Qe2 Be6 26. Nd5 Bxd5 27. exd5 O-O 28. Qxc4 Qb6 29. Rd2 Nf5 30. Re1 Rc8 31. g4 hxg4 32. fxg4 Nxh4 33. Qd4 Qxd4 34. Rxd4 Nf3 35. Rde4 Nxe1 36. Rxe1 Kf7 37. Nc3 a3 38. bxa3 Rh8 39. a4 Rh4 40. Re4 Rh1+ 41. Kb2 Rh2+ 42. Kb3 f5 43. gxf5 gxf5 44. Re2 Rh8 45. a5 Kf6 46. a6 Ra8 47. a4 Rxa6 48. Kb4 Rb6+ 49. Nb5 f4 50. a5 Ra6 51. Nxc7 Ra7 52. Ne8+ Kg5 53. Nxd6 f3 54. Re1 Kf4 55. Kc5 Rxa5+ 56. Kc6 f2 57. Rd1 Ke3 58. Nc4+ Ke2 59. Rd2+ Ke1 60. Rxf2 Rxd5 61. Kxd5 Kxf2 1/2-1/2


[Site "https://www.chess.com"]

[Event "Titled Tuesday Blitz July 26 Late 2022"]
[White "Soham Kamotra"]
[Black "Hafiz, Arif Abdul"]
[WhiteFideId "46647490"]
[BlackFideId "7104227"]
[WhiteElo "2082"]
[BlackElo "2198"]
[Result "0-1"]
[Round "02"]
[TimeControl "180+1"]
[Date "2022.07.26"]
[WhiteClock "0:00:01"]
[BlackClock "0:00:07"]

1. Nf3 Nc6 2. d4 d5 3. Bf4 Bf5 4. e3 e6 5. Be2 Bd6 6. O-O Bxf4 7. exf4 Nf6 8. c3 O-O 9. Nbd2 Ne7 10. Re1 c5 11. dxc5 Qc7 12. g3 Qxc5 13. Nb3 Qc7 14. Ne5 h6 15. Nd4 a6 16. a4 Bh7 17. Bf3 Nc6 18. h4 Rab8 19. Kg2 Rfc8 20. Re2 Nxe5 21. fxe5 Nd7 22. Qe1 b5 23. axb5 axb5 24. Re3 b4 25. Rc1 Qb6 26. Be2 Nc5 27. cxb4 Na4 28. Rxc8+ Rxc8 29. Qd2 Be4+ 30. f3 Bg6 31. Bd1 Rc4 32. Bxa4 Rxd4 33. Qf2 Rxb4 34. b3 Rd4 35. Rc3 Qb4 36. Qe3 Rd1 37. Qc5 Qxc5 38. Rxc5 Rd2+ 39. Kg1 Rb2 40. Rc8+ Kh7 41. Rd8 h5 42. f4 Be4 43. Be8 Rxb3 44. Bxf7 Rxg3+ 45. Kh2 Rg4 46. Bxe6 Rxf4 47. Kg3 Rf3+ 48. Kh2 Rd3 49. Bf7 Bf5 50. Rxd5 Rh3+ 51. Kg2 Rxh4 52. Kg3 Rg4+ 53. Kf2 g6 54. e6 Re4 55. Kf3 Kg7 56. Rd6 Re5 57. Kf4 Re4+ 58. Kf3 h4 59. Ra6 h3 60. Ra7 Kf6 61. Bg8 Re5 62. Rh7 Kg5 63. e7 Bg4+ 64. Kf2 Kf4 0-1


[Site "https://www.chess.com"]

[Event "Titled Tuesday Blitz July 26 Late 2022"]
[White "Steinberg, Nitzan"]
[Black "Dimitrov, Atanas"]
[WhiteFideId "2801795"]
[BlackFideId "2901315"]
[WhiteElo "2471"]
[BlackElo "2612"]
[Result "1-0"]
[Round "02"]
[TimeControl "180+1"]
[Date "2022.07.26"]
[WhiteClock "0:01:11"]
[BlackClock "0:00:50"]

1. e4 c5 2. Ne2 d6 3. Nbc3 Nf6 4. d4 cxd4 5. Nxd4 g6 6. Be3 Bg7 7. f3 Nc6 8. Qd2 Bd7 9. Bc4 Ne5 10. Bb3 Rc8 11. g4 O-O 12. O-O-O Nc4 13. Bxc4 Rxc4 14. Kb1 a6 15. h4 h5 16. Nd5 Nxd5 17. exd5 hxg4 18. h5 Qc7 19. Qh2 g5 20. h6 Bf6 21. h7+ Kh8 22. Qh6 Bg7 23. Qxg5 e5 24. Nf5 Bxf5 25. Qxf5 Qc8 26. fxg4 Rxg4 27. Qh5 Rg2 28. Rd2 Qg4 29. Rxg2 Qxg2 30. Rg1 Qe4 31. Bh6 Bxh6 32. Qxh6 1-0


[Site "https://www.chess.com"]

[Event "Titled Tuesday Blitz July 26 Late 2022"]
[White "Thiel, Thomas"]
[Black "Nazaretyan, Tigran"]
[WhiteFideId "4615964"]
[BlackFideId "24162345"]
[WhiteElo "2308"]
[BlackElo "2179"]
[Result "0-1"]
[Round "02"]
[TimeControl "180+1"]
[Date "2022.07.27"]
[WhiteClock "0:00:03"]
[BlackClock "0:00:35"]

1. e4 c5 2. Nc3 Nc6 3. Bb5 Nd4 4. Bc4 e6 5. Nge2 Qc7 6. O-O Nf6 7. d3 a6 8. f4 b5 9. Bb3 Nxe2+ 10. Qxe2 Bb7 11. e5 Nd5 12. Nxd5 exd5 13. c4 dxc4 14. dxc4 Be7 15. Bc2 Qc6 16. Bd3 b4 17. Bd2 O-O 18. Rae1 d6 19. Be4 Qxe4 20. Qxe4 Bxe4 21. Rxe4 Rad8 22. e6 fxe6 23. Rxe6 Bf6 24. b3 Kf7 25. f5 g6 26. Bh6 Rg8 27. Bf4 gxf5 28. Rxd6 Rxd6 29. Bxd6 Bd4+ 30. Kh1 Ke6 31. Bf4 h5 32. g3 a5 33. h4 a4 34. Kg2 Ra8 35. Re1+ Kf7 36. Be3 axb3 37. axb3 Ra3 38. Bxd4 cxd4 39. Rd1 Rxb3 40. Rxd4 Rc3 41. c5 b3 42. Rb4 Ke6 43. Rb6+ Kd5 44. c6 Kc5 45. Rb8 Kd6 46. Rb6 Kc7 47. Rb5 Kxc6 48. Rb8 Kd5 0-1


[Site "https://www.chess.com"]

[Event "Titled Tuesday Blitz July 26 Late 2022"]
[White "Ulasevich, Sergei"]
[Black "Tanenbaum, Zachary"]
[WhiteFideId "13505629"]
[BlackFideId "2060850"]
[WhiteElo "2151"]
[BlackElo "2175"]
[Result "0-1"]
[Round "02"]
[TimeControl "180+1"]
[Date "2022.07.27"]
[WhiteClock "0:00:03"]
[BlackClock "0:00:21"]

1. d4 d5 2. Bf4 Nf6 3. Nc3 c5 4. e4 dxe4 5. Nb5 Nd5 6. Bg3 a6 7. c4 axb5 8. cxd5 c4 9. a4 e6 10. axb5 Bb4+ 11. Ke2 Rxa1 12. Qxa1 Bd6 13. dxe6 Bxe6 14. f3 Bxg3 15. hxg3 Qxd4 16. Qd1 Qe5 17. Qc2 exf3+ 18. Kxf3 h6 19. Bxc4 O-O 20. Ne2 Rc8 21. b3 Qf6+ 22. Ke3 Bf5 23. Qa2 Re8+ 24. Kd2 Qg5+ 25. Kc3 Nd7 26. Rd1 Nb6 27. Kb4 Qe7+ 28. Kc3 Nxc4 29. bxc4 Qe3+ 30. Kb4 Qxe2 31. Qxe2 Rxe2 32. c5 Rxg2 0-1


[Site "https://www.chess.com"]

[Event "Titled Tuesday Blitz July 26 Late 2022"]
[White "Urbina Perez, Juan Antonio"]
[Black "Zong, Davis"]
[WhiteFideId "2217368"]
[BlackFideId "30903955"]
[WhiteElo "2192"]
[BlackElo "2061"]
[Result "0-1"]
[Round "02"]
[TimeControl "180+1"]
[Date "2022.07.27"]
[WhiteClock "0:00:10"]
[BlackClock "0:00:17"]

1. e4 e5 2. Nf3 Nc6 3. Bb5 a6 4. Ba4 Nf6 5. d3 b5 6. Bb3 Be7 7. O-O O-O 8. a4 b4 9. a5 d6 10. Nbd2 Be6 11. c3 Bxb3 12. Qxb3 Qb8 13. Qc4 Qb7 14. Re1 h6 15. Nf1 Rfb8 16. Ng3 Qb5 17. Qxb5 Rxb5 18. Nf5 Bf8 19. d4 Nxa5 20. dxe5 dxe5 21. cxb4 Bxb4 22. Rd1 Nxe4 23. Be3 Nb3 24. Ra4 a5 25. h3 f6 26. N3h4 Nec5 27. Ra2 Kf7 28. Ng3 Rbb8 29. Ne2 Rd8 30. Rxd8 Rxd8 31. Nf5 Rd1+ 32. Kh2 h5 33. h4 g6 34. Nfg3 f5 35. Bxc5 Nxc5 36. Nc3 Rd4 37. Nb5 Rxh4+ 38. Kg1 Rc4 39. Nxc7 Nb3 40. Nd5 Bd6 41. Nc3 h4 42. Nge2 Ke6 43. Kf1 g5 44. Ke1 g4 45. Ng1 f4 46. f3 Kf5 47. fxg4+ Kxg4 48. Nf3 e4 49. Nh2+ Kg3 50. Kf1 Kxh2 51. Ne2 f3 52. gxf3 exf3 53. Nc3 Kg3 54. Ra4 Rxa4 55. Nxa4 Nd2+ 56. Ke1 f2+ 57. Kxd2 f1=Q 0-1


[Site "https://www.chess.com"]

[Event "Titled Tuesday Blitz July 26 Late 2022"]
[White "Vasquez Schroeder, Rodrigo"]
[Black "Baches Garcia, Guillermo"]
[WhiteFideId "3400042"]
[BlackFideId "2209764"]
[WhiteElo "2567"]
[BlackElo "2526"]
[Result "1-0"]
[Round "02"]
[TimeControl "180+1"]
[Date "2022.07.26"]
[WhiteClock "0:00:31"]
[BlackClock "0:00:01"]

1. e4 c5 2. Nf3 d6 3. d4 cxd4 4. Nxd4 Nf6 5. Nc3 Nc6 6. Bg5 e6 7. Qd2 h6 8. Bxf6 gxf6 9. O-O-O a6 10. f4 Bd7 11. Kb1 Qb6 12. Nb3 O-O-O 13. Be2 h5 14. Rhf1 Be7 15. Rf3 Rdg8 16. Bf1 h4 17. Rh3 Kb8 18. Qe1 Rg4 19. g3 Qg1 20. Qe2 Rgg8 21. Bg2 Qb6 22. Rxh4 Rxh4 23. gxh4 Na5 24. h5 Nxb3 25. axb3 Qc5 26. Bf3 Bf8 27. Bg4 Bh6 28. Rf1 b5 29. h3 Kc7 30. f5 Qe5 31. b4 Kd8 32. Qf2 Ke7 33. fxe6 fxe6 34. Qa7 Rd8 35. Qxa6 Bd2 36. Qa3 Rc8 37. Rf3 Qh2 38. Qa7 Qh1+ 39. Ka2 Bxc3 40. Rxc3 Rxc3 41. bxc3 Qc1 42. Qf2 Bc6 43. Bf3 1-0


[Site "https://www.chess.com"]

[Event "Titled Tuesday Blitz July 26 Late 2022"]
[White "Vidonyak, Roman"]
[Black "Kilpatrick, Callum"]
[WhiteFideId "14100622"]
[BlackFideId "414425"]
[WhiteElo "2358"]
[BlackElo "2351"]
[Result "1/2-1/2"]
[Round "02"]
[TimeControl "180+1"]
[Date "2022.07.27"]
[WhiteClock "0:00:29"]
[BlackClock "0:00:22"]

1. d4 Nf6 2. c4 e6 3. Nc3 Bb4 4. f3 d5 5. a3 Bxc3+ 6. bxc3 O-O 7. cxd5 Nxd5 8. e4 Nxc3 9. Qd3 Na4 10. Be3 c5 11. d5 exd5 12. exd5 Qa5+ 13. Kf2 Nd7 14. Nh3 Ne5 15. Qc2 Bxh3 16. gxh3 Qc3 17. Qxc3 Nxc3 18. Rc1 Nxd5 19. Bxc5 Rfc8 20. Be3 Nxe3 21. Rxc8+ Rxc8 22. Kxe3 Rc1 23. Bg2 Rxh1 24. Bxh1 Nc4+ 25. Kd4 Nxa3 26. f4 b5 27. Kc5 a5 28. Bd5 b4 29. Bb3 Kf8 30. Kb6 Nb1 31. Kxa5 Nd2 32. Kxb4 Nxb3 33. Kxb3 Ke8 34. Kc4 Ke7 35. Kd5 Kf6 36. Ke4 Ke6 37. f5+ Kf6 38. Kf4 g6 39. fxg6 hxg6 40. h4 Kg7 41. Kg4 Kh6 42. Kf4 Kh5 43. Kg3 f6 44. Kh3 f5 45. Kg3 Kh6 46. Kf4 Kh5 47. Kg3 Kh6 48. Kf4 Kg7 49. Kg5 Kh7 50. h5 gxh5 51. Kxf5 Kh6 52. Kf6 h4 53. Kf5 Kh5 54. Kf4 h3 55. Kg3 Kg5 56. Kxh3 Kh5 57. Kg3 Kg5 58. h4+ Kh5 59. Kh3 Kh6 60. Kg3 Kg6 61. Kh3 Kh6 62. Kg4 Kg6 63. h5+ Kh6 64. Kh4 Kh7 65. Kg4 Kg7 66. Kg5 Kh7 67. h6 Kh8 68. Kh5 Kg8 69. Kg6 Kh8 70. h7 1/2-1/2


[Site "https://www.chess.com"]

[Event "Titled Tuesday Blitz July 26 Late 2022"]
[White "Vovk, Orest"]
[Black "Bordi, Kevin"]
[WhiteFideId "14113490"]
[BlackFideId "621862"]
[WhiteElo "2203"]
[BlackElo "2839"]
[Result "1/2-1/2"]
[Round "02"]
[TimeControl "180+1"]
[Date "2022.07.26"]
[WhiteClock "0:00:09"]
[BlackClock "0:00:42"]

1. h3 d5 2. e4 dxe4 3. Nc3 Nf6 4. Qe2 Nc6 5. Nxe4 Nd4 6. Nxf6+ gxf6 7. Qd1 Bf5 8. d3 e5 9. Be3 Qd5 10. c3 Nc6 11. Qb3 O-O-O 12. Qxd5 Rxd5 13. O-O-O Bg7 14. g4 Bg6 15. Nf3 Rhd8 16. d4 Be4 17. Bg2 exd4 18. cxd4 Nb4 19. a3 Nd3+ 20. Rxd3 Bxd3 21. Ne1 Rxd4 22. Bxd4 Rxd4 23. Nxd3 Rxd3 24. Be4 Bh6+ 25. Kb1 Rd2 26. Bxh7 Rxf2 27. Bf5+ Kd8 28. Rd1+ Rd2 29. Rxd2+ Bxd2 30. h4 Ke7 31. h5 Kd6 32. Kc2 Bh6 33. Kd3 c6 34. Bc8 b6 35. b3 Bc1 36. Bf5 Ke7 37. a4 Kd6 38. Kc4 a6 39. Bc8 b5+ 40. Kd3 a5 41. Ba6 Kc5 42. Kc2 Bh6 43. Bb7 Kb6 44. Bc8 Kc5 45. Bd7 Bg5 46. Be8 Bh6 47. Bxf7 Kb4 48. Be8 bxa4 49. bxa4 Kxa4 50. Bxc6+ Kb4 51. Kd3 Kc5 52. Ba4 Kd6 53. Ke4 Ke7 54. Kf5 Kf7 55. Bb3+ Kg7 56. Ke6 Bd2 57. Kf5 Bc3 58. Ba4 Kh6 59. Bb3 Bb2 60. Ba4 Bc3 61. Bb3 Bb2 62. Ba4 Bc3 1/2-1/2


[Site "https://www.chess.com"]

[Event "Titled Tuesday Blitz July 26 Late 2022"]
[White "Weetik, Vjacheslav"]
[Black "Kopczynski, Michal"]
[WhiteFideId "4153472"]
[BlackFideId "1124200"]
[WhiteElo "2469"]
[BlackElo "2235"]
[Result "1/2-1/2"]
[Round "02"]
[TimeControl "180+1"]
[Date "2022.07.26"]
[WhiteClock "0:00:02"]
[BlackClock "0:00:03"]

1. d4 Nf6 2. c4 g6 3. Nc3 Bg7 4. e4 d6 5. Nf3 O-O 6. Be2 e5 7. O-O Nc6 8. dxe5 dxe5 9. Bg5 Qe8 10. Nd5 Nxd5 11. cxd5 Nd8 12. Rc1 c6 13. Bxd8 Qxd8 14. dxc6 bxc6 15. Rxc6 Bb7 16. Rd6 Qa5 17. Bc4 Bxe4 18. Ng5 Bf5 19. g4 Qb4 20. Bxf7+ Rxf7 21. Nxf7 Qxg4+ 22. Qxg4 Bxg4 23. Rd8+ Rxd8 24. Nxd8 e4 25. b4 Bc3 26. Nc6 a6 27. Rc1 Bf6 28. a4 Be2 29. b5 axb5 30. a5 b4 31. Nxb4 Be7 32. a6 e3 33. a7 Bf3 34. Rc8+ Kf7 35. a8=Q Bxa8 36. Rxa8 exf2+ 37. Kxf2 Bxb4 38. Ra7+ Be7 39. Kf3 Ke6 40. Ke4 h6 41. h3 Bf6 42. Ra6+ Kf7 43. Kd5 g5 44. Ra7+ Kg6 45. Ke6 h5 46. Ra8 g4 47. hxg4 hxg4 48. Ra5 g3 49. Ra3 Bh4 50. Rf3 Kg5 51. Rf8 Kg4 52. Ke5 Kh3 53. Ke4 g2 54. Rg8 Bg3 55. Rh8+ Kg4 56. Rg8+ Kh4 57. Rh8+ Kg4 58. Rg8+ Kh4 59. Rh8+ Kg4 1/2-1/2


[Site "https://www.chess.com"]

[Event "Titled Tuesday Blitz July 26 Late 2022"]
[White "Wieczorek, Oskar"]
[Black "Melaugh, Shane"]
[WhiteFideId "1133950"]
[BlackFideId "2509580"]
[WhiteElo "2330"]
[BlackElo "1938"]
[Result "1-0"]
[Round "02"]
[TimeControl "180+1"]
[Date "2022.07.27"]
[WhiteClock "0:00:16"]
[BlackClock "0:00:06"]

1. e4 e6 2. d4 d5 3. Nd2 dxe4 4. Nxe4 Nf6 5. Nxf6+ gxf6 6. Nf3 Nc6 7. g3 b6 8. Bg2 Bb7 9. O-O Qd7 10. c3 O-O-O 11. a4 a5 12. Nh4 Kb8 13. Qe2 Ka7 14. Rd1 f5 15. Bf4 Ne7 16. Bxb7 Kxb7 17. b4 axb4 18. a5 Nd5 19. axb6 cxb6 20. Qa6+ Kc6 21. cxb4 Nxf4 22. b5+ Kd6 23. Qxb6+ Ke7 24. Ra7 Nd5 25. Rxd7+ Rxd7 26. Nxf5+ Kf6 27. Qb8 Rg8 28. Qe5+ Kg6 29. Nh4+ Kh6 30. b6 Bd6 31. Qe4 Rb8 32. Rb1 Rxb6 33. Rxb6 Nxb6 34. f4 Nd5 35. Nf3 Nf6 36. Qd3 Bc5 37. Qb5 Bxd4+ 38. Nxd4 Rxd4 39. Qg5# 1-0


[Site "https://www.chess.com"]

[Event "Titled Tuesday Blitz July 26 Late 2022"]
[White "Xiong, Jeffery"]
[Black "Wu, Rochelle"]
[WhiteFideId "2047640"]
[BlackFideId "30908132"]
[WhiteElo "2714"]
[BlackElo "2168"]
[Result "0-1"]
[Round "02"]
[TimeControl "180+1"]
[Date "2022.07.26"]
[WhiteClock "0:00:10"]
[BlackClock "0:00:14"]

1. d4 d5 2. Nf3 Nf6 3. Bf4 c5 4. e3 Nc6 5. Nbd2 cxd4 6. exd4 Bf5 7. Bb5 e6 8. Ne5 Rc8 9. c4 Bd6 10. Bxc6+ bxc6 11. c5 Bxe5 12. Bxe5 Ne4 13. Nxe4 Bxe4 14. O-O O-O 15. f3 Bg6 16. Qa4 a5 17. Rfe1 Re8 18. Re3 f6 19. Bd6 h5 20. Rae1 Qd7 21. h4 Ra8 22. Rb3 Bc2 23. Re2 Bd1 24. Re1 Bxb3 25. Qxb3 Ra7 26. Qd3 Qf7 27. Re2 Rb7 28. Qa6 Qd7 29. b3 Ra7 30. Qd3 Rb7 31. Qa6 Ra7 32. Qd3 Rb7 33. Qc3 Rb4 34. a3 Rb5 35. Re3 Qf7 36. Qe1 Qg6 37. Rxe6 Rxe6 38. Qxe6+ Kh7 39. Qe3 Qb1+ 40. Kh2 Rxb3 41. Qe8 Qg6 42. Qe2 Rxa3 43. Qb2 Rd3 44. Bg3 a4 45. Qb6 a3 46. Qxc6 Rd2 0-1


[Site "https://www.chess.com"]

[Event "Titled Tuesday Blitz July 26 Late 2022"]
[White "Yoo, Christopher Woojin"]
[Black "Katz, Alexander"]
[WhiteFideId "30909694"]
[BlackFideId "2039796"]
[WhiteElo "2105"]
[BlackElo "2386"]
[Result "1-0"]
[Round "02"]
[TimeControl "180+1"]
[Date "2022.07.26"]
[WhiteClock "0:00:05"]
[BlackClock "0:00:03"]

1. e4 c6 2. d4 d5 3. Nc3 dxe4 4. Nxe4 Bf5 5. Ng3 Bg6 6. Nf3 Nd7 7. h4 h6 8. h5 Bh7 9. Bd3 Bxd3 10. Qxd3 Ngf6 11. Bf4 e6 12. O-O-O Qa5 13. Kb1 Be7 14. Ne5 Nxe5 15. dxe5 Nd5 16. Bd2 Qc7 17. c4 Nb6 18. Ne4 Rd8 19. Qg3 Nxc4 20. Bc3 O-O 21. Nd6 Nb6 22. Ba5 Bxd6 23. exd6 Qd7 24. Rh4 f6 25. Rg4 Rde8 26. Rg6 Kh7 27. Bd2 Nd5 28. Bxh6 Rg8 29. Bc1 e5 30. Qf3 e4 31. Qg4 Qxg4 32. Rxg4 f5 33. Rg5 Rgf8 34. Re1 Rd8 35. g4 fxg4 36. Rxe4 Rxf2 37. Rexg4 Rf7 38. Rg6 Nf6 39. Rf4 Nxh5 40. Rxf7 Kxg6 41. Rxb7 Rxd6 42. Rxa7 Nf6 43. Kc2 Nd5 44. Bd2 Kf6 45. a4 g5 46. a5 g4 47. Ra8 Nc7 48. Rg8 Kf5 49. Rg5+ Ke6 50. Rxg4 Kd7 51. Rg7+ Kc8 52. Rxc7+ Kxc7 53. Bf4 Kd7 54. Bxd6 Kxd6 55. Kb3 Kc7 56. Kb4 Kb7 57. Kc5 Ka6 58. b4 1-0


[Site "https://www.chess.com"]

[Event "Titled Tuesday Blitz July 26 Late 2022"]
[White "Yuan, Qingyu"]
[Black "Toncheva, Nadya"]
[WhiteFideId "8609772"]
[BlackFideId "2924056"]
[WhiteElo "2359"]
[BlackElo "1888"]
[Result "0-1"]
[Round "02"]
[TimeControl "180+1"]
[Date "2022.07.26"]
[WhiteClock "0:00:12"]
[BlackClock "0:00:07"]

1. e4 c5 2. Nf3 Nc6 3. Bc4 e6 4. O-O Nge7 5. d4 cxd4 6. Nxd4 Nxd4 7. Qxd4 Nc6 8. Qc3 Qf6 9. Qxf6 gxf6 10. Be3 Be7 11. Nd2 Rg8 12. c3 b6 13. a4 Bb7 14. f3 Rc8 15. Rfd1 Bc5 16. Bf2 Ke7 17. Bb5 Ne5 18. Kf1 Bxf2 19. Kxf2 Bc6 20. Nb3 Bxb5 21. axb5 Rc7 22. Ra2 Nc4 23. g3 Rg5 24. Nd4 Nd6 25. h4 Rgc5 26. Ke3 Nxb5 27. Nb3 R5c6 28. Ra6 Nd6 29. Nd2 Nc4+ 30. Nxc4 Rxc4 31. Rda1 R4c5 32. Rxa7 R7c6 33. Rb7 Rb5 34. Raa7 Rd6 35. b4 f5 36. Rc7 fxe4 37. fxe4 Re5 38. Kf4 Rb5 39. Rab7 f5 40. e5 Rd3 41. g4 fxg4 42. Kxg4 Rxe5 43. Rxb6 Re4+ 44. Kg5 Rd5+ 45. Kh6 Rxh4+ 46. Kg7 h5 47. Rb8 Rg4+ 48. Kh6 h4 49. Rcc8 h3 50. Re8+ Kd6 51. Rg8 Rxg8 52. Rxg8 h2 53. c4 Rd4 54. Kg7 Rg4+ 55. Kf7 Rxg8 56. c5+ Kd5 57. Kxg8 h1=Q 58. c6 dxc6 59. Kf7 Qb1 60. b5 Qxb5 61. Ke7 c5 62. Kd8 c4 63. Kc7 c3 64. Kd8 c2 65. Ke7 c1=Q 66. Kf7 e5 67. Ke7 Qb6 68. Kd7 Qcc7+ 69. Ke8 Qbb8# 0-1


[Site "https://www.chess.com"]

[Event "Titled Tuesday Blitz July 26 Late 2022"]
[White "Zeynalli, Rashad"]
[Black "Van Dael, Siem"]
[WhiteFideId "13403320"]
[BlackFideId "1049771"]
[WhiteElo "2125"]
[BlackElo "2113"]
[Result "1-0"]
[Round "02"]
[TimeControl "180+1"]
[Date "2022.07.27"]
[WhiteClock "0:00:11"]
[BlackClock "0:00:05"]

1. d4 Nf6 2. Bf4 g6 3. e3 Bg7 4. Nf3 d6 5. h3 O-O 6. Be2 b6 7. O-O Bb7 8. c4 Nbd7 9. Nc3 c5 10. d5 Ne8 11. Qc2 a6 12. Rad1 Nc7 13. a4 Rb8 14. Rfe1 Ne5 15. e4 Ne8 16. Nxe5 dxe5 17. Be3 Nd6 18. a5 bxa5 19. Bxc5 Rc8 20. Ba3 Nxc4 21. Bxc4 Rxc4 22. Qb3 Qc8 23. Bxe7 Re8 24. d6 Rd4 25. Rxd4 exd4 26. Nd5 Bc6 27. Rc1 Qd7 28. f4 a4 29. Qc4 Bb5 30. Qc7 d3 31. e5 Qe6 32. Nb6 Bxe5 33. fxe5 Qxe5 34. d7 Qe3+ 35. Kh2 Qxe7 36. dxe8=Q+ Qxe8 37. Qc8 d2 38. Qxe8+ Bxe8 39. Rd1 Bb5 40. Rxd2 1-0


[Site "https://www.chess.com"]

[Event "Titled Tuesday Blitz July 26 Late 2022"]
[White "Al-Tarboush, Ward"]
[Black "Fieberg, Samuel"]
[WhiteFideId "7601450"]
[BlackFideId "12901717"]
[WhiteElo "2231"]
[BlackElo "2413"]
[Result "0-1"]
[Round "03"]
[TimeControl "180+1"]
[Date "2022.07.27"]
[WhiteClock "0:00:30"]
[BlackClock "0:00:12"]

1. e4 e5 2. Nf3 Nc6 3. Bb5 Nf6 4. O-O Nxe4 5. d4 Nd6 6. Bxc6 dxc6 7. dxe5 Nf5 8. Qxd8+ Kxd8 9. Nc3 Ke8 10. b3 b6 11. Bb2 Bb7 12. Rad1 Be7 13. Rfe1 Rd8 14. h3 h5 15. Ne4 c5 16. Neg5 Rxd1 17. Rxd1 Rh6 18. c4 Rg6 19. Bc1 f6 20. g4 hxg4 21. hxg4 Nh6 22. exf6 gxf6 23. Nh4 Rxg5 24. Bxg5 fxg5 25. Ng6 Bd6 26. Re1+ Kf7 27. Ne5+ Bxe5 28. Rxe5 Kf6 29. Re8 Nxg4 30. Rf8+ Ke7 31. Rg8 Ne5 32. Rg7+ Nf7 33. Rh7 Be4 34. Rh3 Kf6 35. Re3 Nd6 36. f3 Bb1 37. a3 Bc2 38. Kf2 Nf5 39. Rc3 Nd4 40. b4 cxb4 41. axb4 Bf5 42. b5 Be6 43. Ke3 Nf5+ 44. Kf2 Nd6 45. c5 Nxb5 46. cxb6 axb6 47. Rc1 c5 48. Ke3 Nd4 49. Rc3 Ke5 50. Rc1 Kd5 51. Rg1 b5 52. Rxg5+ Bf5 53. Rg8 b4 54. Rd8+ Kc4 55. Rb8 Kc3 56. Kf4 b3 57. Ke5 b2 58. Kd5 Nb3 59. f4 b1=Q 60. Re8 Qd3+ 61. Kc6 Qd7+ 62. Kb6 Qxe8 63. Ka7 Qc6 64. Kb8 Na5 65. Ka7 Qb7# 0-1


[Site "https://www.chess.com"]

[Event "Titled Tuesday Blitz July 26 Late 2022"]
[White "Ardila, Oscar Humberto"]
[Black "Martin Carmona, Gaston Manuel"]
[WhiteFideId "4404742"]
[BlackFideId "22284567"]
[WhiteElo "1956"]
[BlackElo "2162"]
[Result "0-1"]
[Round "03"]
[TimeControl "180+1"]
[Date "2022.07.27"]
[WhiteClock "0:00:02"]
[BlackClock "0:00:33"]

1. d4 Nf6 2. c4 g6 3. Nc3 Bg7 4. Nf3 d6 5. e3 O-O 6. Be2 Nbd7 7. O-O e5 8. dxe5 dxe5 9. Qc2 c6 10. Rd1 Qc7 11. b3 a5 12. Ba3 Re8 13. Bd6 Qb6 14. Na4 Qa7 15. c5 Bf8 16. Rac1 e4 17. Ne1 Bxd6 18. Rxd6 Qb8 19. Rcd1 Nd5 20. Bc4 Nxc5 21. Bxd5 Nxa4 22. Bc4 Nb6 23. Qd2 Nxc4 24. bxc4 Be6 25. Qd4 Bxc4 26. Qxc4 Rf8 27. g3 Qc8 28. Ng2 Qg4 29. Qd4 Qg5 30. Qxe4 Rae8 31. Qd4 h5 32. Qf4 Qc5 33. Qd4 Qg5 34. h4 Qe7 35. Nf4 Kh7 36. Rd7 Qa3 37. Qc4 Re7 38. Qd4 Rxd7 39. Qxd7 Qxa2 40. Qxb7 c5 41. Qe7 Kg8 42. Rd7 Qb1+ 43. Kh2 Qf5 44. Rc7 Qc2 45. Kg2 c4 46. Qc5 Qe4+ 47. Kh2 Qf3 48. Qxc4 Qxf2+ 49. Ng2 Qf5 50. Rc5 Qf3 51. Rxa5 Rd8 52. Rc5 Rd2 53. Rc8+ Kh7 54. Rh8+ Kxh8 55. Qc3+ Kg8 56. Qxd2 Kg7 57. Qd4+ Kh7 58. Qf4 Qd5 59. Qf6 Kg8 60. Qf4 Qe6 61. e4 Qc4 62. e5 Qe6 63. Qg5 Qa2 64. Qf6 Qd5 65. Kh3 Qd7+ 66. Kh2 Qd5 67. Nf4 Qd2+ 68. Kh3 Qe1 69. Qd8+ Kh7 70. Kh2 Qf2+ 71. Ng2 Qe2 72. Qf6 Kg8 73. e6 fxe6 74. Qxg6+ Kf8 75. Qf6+ Ke8 76. Qh8+ Kd7 77. Qg7+ Kd6 78. Qf8+ Kd5 79. Qd8+ Kc6 80. Qc8+ Kd6 81. Qb8+ Kd7 82. Qf4 e5 83. Qe3 Qb2 84. Qg5 Qe2 85. Qf5+ Kd6 86. Qf8+ Kd5 87. Qd8+ Ke6 88. Qc8+ Kd6 89. Qb8+ Ke6 90. Qe8+ Kd6 91. Kg1 Qd1+ 92. Kh2 Qe2 93. Qg6+ Kd7 94. Qh7+ Kd6 95. Qh6+ Kd5 96. Qe3 Qg4 97. Qd2+ Ke6 98. Ne3 Qe4 99. Kg1 Qf3 100. Qf2 Qe4 101. Kh2 Kd6 102. Nf5+ Kd7 103. Ng7 Qg6 104. Nf5 Ke6 105. Ne3 Qe4 106. Nc2 Qc4 107. Qd2 e4 108. Ne3 Qc5 109. Qf2 Qe5 110. Qf4 Qb2+ 111. Ng2 Qe2 112. Qh6+ Kd5 113. Qg5+ Kd4 114. Qf6+ Kd3 115. Qd6+ Kc2 116. Qc6+ Kd3 117. Qd5+ Kc2 118. Qc5+ Kd2 119. Qb4+ Kc2 120. Qa4+ Kb1 121. Qb3+ Ka1 122. Qc3+ Kb1 123. Qb3+ Ka1 124. Qa3+ Kb1 125. Qe3 Qc2 126. Kh3 Qc8+ 127. Kh2 Qc2 128. Qe1+ Kb2 129. Kg1 Qd3 130. Qf2+ Kb1 131. Nf4 Qc4 132. Kg2 Qc6 133. Qe2 e3+ 134. Kh2 Qe4 135. Qg2 Qe5 136. Qe2 Ka1 137. Qxh5 Qxh5 138. Nxh5 e2 139. Nf4 e1=Q 140. Ng2 Qf2 141. Kh3 Qf5+ 142. g4 Qf3+ 143. Kh2 Qxg4 0-1


[Site "https://www.chess.com"]

[Event "Titled Tuesday Blitz July 26 Late 2022"]
[White "Averjanov, Alexey"]
[Black "Gallana, Marco"]
[WhiteFideId "14109867"]
[BlackFideId "824542"]
[WhiteElo "2631"]
[BlackElo "2290"]
[Result "0-1"]
[Round "03"]
[TimeControl "180+1"]
[Date "2022.07.26"]
[WhiteClock "0:01:18"]
[BlackClock "0:00:05"]

1. d4 Nf6 2. c4 d6 3. Nc3 e5 4. Nf3 Nbd7 5. e4 g6 6. g3 Bg7 7. Bg2 O-O 8. O-O exd4 9. Nxd4 Re8 10. b3 Nc5 11. Re1 h6 12. Bb2 c6 13. Qc2 Nfd7 14. Rad1 Qc7 15. b4 Ne6 16. Nxe6 Rxe6 17. a3 Ne5 18. Qb3 Re8 19. Ne2 Be6 20. Bxe5 dxe5 21. Qc3 c5 22. b5 Red8 23. Qb3 Qa5 24. Nc3 Rd4 25. Nd5 Bf8 26. Rf1 a6 27. Rxd4 cxd4 28. a4 axb5 29. axb5 Qa3 30. Qxa3 Rxa3 31. Rc1 Bc5 32. Bf1 d3 33. Rd1 Ra2 34. Ne3 Bxe3 35. fxe3 d2 36. Kf2 b6 37. h3 Rc2 38. Bd3 Rb2 39. g4 h5 40. Be2 hxg4 41. Bxg4 Bxc4 42. Be2 Bb3 43. Rb1 Rxb1 0-1


[Site "https://www.chess.com"]

[Event "Titled Tuesday Blitz July 26 Late 2022"]
[White "Barp, Alberto"]
[Black "De Gleria, Francesco"]
[WhiteFideId "872555"]
[BlackFideId "4630394"]
[WhiteElo "2229"]
[BlackElo "2283"]
[Result "0-1"]
[Round "03"]
[TimeControl "180+1"]
[Date "2022.07.26"]
[WhiteClock "0:00:34"]
[BlackClock "0:00:18"]

1. d4 Nf6 2. Nf3 g6 3. Bf4 Bg7 4. Nc3 d5 5. h4 h5 6. e3 c6 7. Bd3 Nbd7 8. Qe2 b5 9. a3 Nb6 10. e4 dxe4 11. Nxe4 Nxe4 12. Bxe4 Nd5 13. Bg5 Bg4 14. O-O O-O 15. Rfe1 Re8 16. Rad1 Qd6 17. Qd2 Rac8 18. c3 e6 19. Rc1 a5 20. Ne5 Bf5 21. Bf3 a4 22. Bh6 Nb6 23. Bxg7 Kxg7 24. Qf4 f6 25. Nxg6 Qd7 26. Ne5 fxe5 27. Qxe5+ Kh7 28. Bxh5 Rg8 29. Bf3 Nc4 30. Qe2 Qf7 31. Be4 Rcf8 32. Rc2 Bxe4 33. Qxe4+ Qf5 34. Qxf5+ exf5 35. Re6 Rg6 36. Rce2 Rfg8 37. Rxg6 Rxg6 38. g3 Kg7 39. Kg2 Kf7 40. Kf3 Re6 41. Rc2 Re1 42. Kf4 Kf6 43. f3 Ne3 44. Rh2 Nd5# 0-1


[Site "https://www.chess.com"]